 Dungeon Crawl Stone Soup version 0.13.2 (webtiles) character file.

990 sanboga the Shield-Bearer (level 7, 0/60 HPs)
             Began as a Minotaur Fighter on Feb 17, 2017.
             Succumbed to a killer bee's poison
             ... on Level 5 of the Dungeon.
             The game lasted 00:21:24 (3386 turns).

sanboga the Shield-Bearer (Minotaur Fighter)        Turns: 3386, Time: 00:21:24

HP   0/60        AC 12     Str 20      XL: 7   Next: 40%
MP   2/2         EV  5     Int  5      God:
Gold 280         SH 22     Dex 12      Spells:  0 memorised,  6 levels left

Res.Fire  : . . .   See Invis. : .   i - +2,+3 spear
Res.Cold  : . . .   Warding    : .   f - +2 chain mail
Life Prot.: . . .   Conserve   : .   c - +1 shield
Res.Poison: .       Res.Corr.  : .   (helmet restricted)
Res.Elec. : .       Clarity    : .   (no cloak)
Sust.Abil.: . .     Spirit.Shd : .   (no gloves)
Res.Mut.  : .       Stasis     : .   (no boots)
Res.Rott. : .       Flight     : .   (no amulet)
Saprovore : . . .                    o - ring of sustenance
                                     h - ring of protection from magic

@: about to teleport, quite poisoned, quite resistant to hostile enchantments,
extremely unstealthy
A: retaliatory headbutt, horns 2
a: no special abilities


You were on level 5 of the Dungeon.
You were not hungry.

You visited 1 branch of the dungeon, and saw 5 of its levels.

You collected 260 gold pieces.

Inventory:

Hand weapons
 a - a +0,+0 hand axe (quivered) {=f}
 i - a +2,+3 spear (weapon)
Armour
 c - a +1 shield (worn)
 f - a +2 chain mail (worn)
Magical devices
 s - a wand of teleportation (5) {unknown}
Comestibles
 d - 4 bread rations
 j - an apple
 r - a pear
Scrolls
 b - 6 scrolls of identify
 e - a scroll of noise {unknown}
 k - a scroll of curse jewellery {unknown}
 n - 2 scrolls of remove curse
 t - a scroll of magic mapping {unknown}
 v - a scroll of random uselessness {unknown}
Jewellery
 h - a ring of protection from magic (left hand)
 o - a ring of sustenance (right hand)
Potions
 m - a potion of resistance {unknown}
 p - a potion of speed {unknown}
 q - a potion of heal wounds {unknown}
 u - a potion of brilliance {unknown}
Magical staves
 l - an uncursed staff of fire


   Skills:
 + Level 4.7 Fighting
 + Level 3.2 Axes
 + Level 2.9 Polearms
 + Level 6.0 Armour
 + Level 4.0 Dodging
 + Level 0.8 Stealth
 + Level 6.4 Shields


You had 6 spell levels left.
You didn't know any spells.

Dungeon Overview and Level Annotations

Branches:
Dungeon (5/27)
 Temple: D:4-7

Altars:
Cheibriados
Elyvilon
Sif Muna
Xom
Yredelemnul
Zin

Shops:
D:4 }


Innate Abilities, Weirdness & Mutations

You reflexively headbutt those who attack you in melee.
You have a pair of horns on your head.


Message History

You block the orc's attack.
The orc priest calls down the wrath of Beogh upon you.
Something smites you!
* * * LOW HITPOINT WARNING * * *
You hit the killer bee.
The killer bee is lightly wounded.
* * * LOW HITPOINT WARNING * * *
You feel sick. The killer bee stings you.
* * * LOW HITPOINT WARNING * * *
The killer bee stings you but does no damage.
The killer bee stings you.
* * * LOW HITPOINT WARNING * * *
The killer bee stings you but does no damage.
The killer bee stings you.
* * * LOW HITPOINT WARNING * * *
You are more poisoned.
The killer bee poisons you! You block the killer bee's attack.
As you read the scroll of teleportation, it crumbles to dust.
You feel strangely unstable.
You die...

########
#....k.#
#.....@##
#....kko#
#.....l#oo.o.#
#####.##.###.#
... .. ###.
.#. .. .... #.
## .# #. .


You could see 3 killer bees, an orc priest, 2 orcs and a giant gecko.

Vanquished Creatures
  The ghost of sanboga the Shield-Bearer, an average MiFi (D:4)
  An ogre (D:4)
  A killer bee (D:5)
  A crimson imp (D:3)
  A hound (D:4)
  2 orc wizards (D:3)
  A centaur skeleton (D:3)
  2 worker ants (D:4)
  8 adders
  A giant mite (D:4)
  2 worms
  2 giant geckos
  12 orcs
  9 bats
  6 giant cockroaches
  8 goblins
  8 hobgoblins
  3 ball pythons
  2 giant newts
  7 kobolds
  A quokka (D:4)
  6 rats
85 creatures vanquished.

Notes
Turn   | Place    | Note
--------------------------------------------------------------
     0 | D:1      | sanboga, the Minotaur Fighter, began the quest for the Orb.
     0 | D:1      | Reached XP level 1. HP: 19/19 MP: 0/0
   215 | D:1      | Reached XP level 2. HP: 23/26 MP: 0/0
   361 | D:1      | Reached skill level 4 in Fighting
   789 | D:2      | Reached XP level 3. HP: 29/33 MP: 1/1
  1134 | D:2      | Found a white marble altar of Elyvilon.
  1144 | D:2      | Reached XP level 4. HP: 38/40 MP: 1/1
  1331 | D:3      | Reached skill level 1 in Dodging
  1336 | D:3      | Reached XP level 5. HP: 42/46 MP: 1/1
  1445 | D:3      | Reached skill level 5 in Shields
  2037 | D:4      | Found Jeower's Gadget Boutique.
  2039 | D:4      | Noticed sanboga's ghost (average MiFi)
  2070 | D:4      | Reached XP level 6. HP: 8/53 MP: 2/2
  2357 | D:4      | Found a deep blue altar of Sif Muna.
  2357 | D:4      | Found a snail-covered altar of Cheibriados.
  2359 | D:4      | Found a basalt altar of Yredelemnul.
  2386 | D:4      | Found a glowing silver altar of Zin.
  2598 | D:4      | Killed sanboga's ghost
  2598 | D:4      | Reached skill level 5 in Armour
  2629 | D:4      | Reached XP level 7. HP: 29/60 MP: 2/2
  2993 | D:4      | Found a shimmering altar of Xom.
  3015 | D:4      | Reached skill level 6 in Armour
  3372 | D:5      | Entered Level 5 of the Dungeon
  3385 | D:5      | HP: 1/60 [killer bee (6)]
  3386 | D:5      | Succumbed to a killer bee's poison

Action                   |  1- 3 |  4- 6 |  7- 9 || total
-------------------------+-------+-------+-------++-------
Melee: Hand axe          |    89 |    27 |       ||   116
       Spear             |       |   165 |    38 ||   203
       Staff             |       |     1 |       ||     1
  Use: Potion            |     3 |     1 |       ||     4
       Scroll            |       |    14 |     1 ||    15
